 Dungeon Crawl Stone Soup version 0.25-a0-316-gd28d56f9c5 (webtiles) character file.

Game seed: 17583675774991060392, levelgen mode: classic

295 Borgoz the Slasher (level 6, 0/37 HPs)
             Began as a Gargoyle Gladiator on Dec 25, 2019.
             Killed from afar by an orc wizard (8 damage)
             ... with a magic dart
             ... on level 3 of the Dungeon.
             The game lasted 00:03:30 (1825 turns).

Borgoz the Slasher (Gargoyle Gladiator)             Turns: 1825, Time: 00:03:31

Health: 0/37       AC: 16    Str: 23    XL:     6   Next: 34%
Magic:  6/6        EV: 12    Int:  8    God:
Gold:   104        SH:  0    Dex: 13    Spells: 5/5 levels left

rFire    . . .     SeeInvis .   a - +0 long sword
rCold    + . .     Gourm    .   (no shield)
rNeg     + . .     Faith    .   q - +0 scale mail
rPois    ∞         Spirit   .   c - +0 helmet
rElec    +         Reflect  .   n - +2 cloak
rCorr    .         Harm     .   h - +0 pair of gloves
MR       .....                  (no boots)
Stlth    ..........             (no amulet)
HPRegen  0.12/turn              m - ring of protection from cold
MPRegen  0.10/turn              (no ring)

@: mighty
A: negative energy resistance 1, electricity resistance, unbreathing,
petrification resistance, rot immunity, AC +4
a: no special abilities


You were on level 3 of the Dungeon.
You were not hungry.

You visited 1 branch of the dungeon, and saw 3 of its levels.

You collected 104 gold pieces.

Inventory:

Hand Weapons
 a - a +0 long sword (weapon)
Missiles
 d - 2 throwing nets (quivered)
Armour
 c - a +0 helmet (worn)
 h - a +0 pair of gloves (worn)
 n - a +2 cloak (worn)
 q - a +0 scale mail (worn)
Jewellery
 m - a ring of protection from cold (left hand)
 o - a +2 ring of intelligence
Wands
 b - a wand of digging (5)
 s - a wand of acid (4)
Scrolls
 e - 6 scrolls of identify {unknown}
 g - a scroll of teleportation {unknown}
 i - a scroll of remove curse {unknown}
 j - a scroll of enchant armour {unknown}
 p - a scroll of amnesia {unknown}
Potions
 r - a potion of curing {unknown}
Comestibles
 f - 4 rations


   Skills:
 + Level 3.5 Fighting
 * Level 4.2 Long Blades
 - Level 1.7 Throwing
 + Level 2.3 Armour
 * Level 3.8 Dodging


You had 5 spell levels left.
You didn't know any spells.
Your spell library was empty.

Dungeon Overview and Level Annotations

Branches:
Dungeon (3/15)

Altars:


Innate Abilities, Weirdness & Mutations

You are resistant to torment.
Your stone body is resilient. (AC +4)
You are immune to poison.
You resist negative energy. (rN+)
You are resistant to electric shocks. (rElec)
You can survive without breathing.
You are immune to petrification.
You are immune to rotting.


Message History

Your base attributes are Str 18, Int 8, Dex 12.
Increase (S)trength, (I)ntelligence, or (D)exterity?
You feel agile.
You start resting.
You are starting to lose your buoyancy.
You start resting.
An orc comes into view. It is wielding a +0 dagger.
The orc shouts!
You hear a shout!
An orc, an orc priest and an orc wizard come into view.
The orc wizard shouts!
The orc priest moves out of view.
There is an escape hatch in the floor here.
You are too injured to fight recklessly!
You slash the orc!
You kill the orc!
You float gracefully downwards.
An orc comes into view. It is wielding a +0 short sword.
The orc wizard points at you and mumbles some strange words.
The magic dart hits you!
You die...

#.##...# #..#...# .... .... #
##.#.>.# .... ...... # #.....#
o.. ....##### # ###...#####o.
..#.#...##.. ## #..........
#.#......... .## ##..####...
#.#.........
..#####..###....###.#.........
.........o.....)@.............
............#.##..#..#........
#######...### ###..#......#
.........####.####..#..####
..............#...........##
...........###.............##
###.##.#............<.......#
.............................#
######.#.####.................


You could see an orc wizard and 2 orcs.

Vanquished Creatures
  Grinder (D:3)
  Crazy Yiuf (D:2)
  2 adders
  3 worms
  A dart slug (D:2)
  2 leopard geckos
  An orc (D:3)
  A giant cockroach (D:1)
  10 goblins
  2 hobgoblins (D:1)
  3 jackals (D:1)
  A quokka (D:2)
  5 bats
  5 frilled lizards
  6 kobolds
  3 rats
47 creatures vanquished.

Notes
Turn   | Place    | Note
-------+----------+-------------------------------------------
     0 | D:1      | Borgoz the Gargoyle Gladiator began the quest for the Orb.
     0 | D:1      | Reached XP level 1. HP: 12/12 MP: 1/1
    70 | D:1      | Reached XP level 2. HP: 18/18 MP: 2/2
   127 | D:1      | Reached skill level 3 in Long Blades
   474 | D:1      | Reached XP level 3. HP: 22/22 MP: 3/3
   990 | D:2      | Reached skill level 1 in Armour
  1023 | D:2      | Found a runed translucent door.
  1024 | D:2      | Noticed Crazy Yiuf
  1287 | D:2      | Reached XP level 4. HP: 21/27 MP: 4/4
  1537 | D:2      | Killed Crazy Yiuf
  1752 | D:3      | Noticed Grinder
  1763 | D:3      | Paralysed by Grinder for 2 turns
  1770 | D:3      | Paralysed by Grinder for 2 turns
  1780 | D:3      | Paralysed by Grinder for 3 turns
  1787 | D:3      | Paralysed by Grinder for 4 turns
  1791 | D:3      | Killed Grinder
  1791 | D:3      | Reached skill level 4 in Long Blades
  1791 | D:3      | Reached XP level 5. HP: 3/32 MP: 5/5
  1791 | D:3      | Reached XP level 6. HP: 4/37 MP: 6/6
  1825 | D:3      | Killed from afar by an orc wizard

Levels and vault maps discovered:
D:1:      dpeg_arrival_rhombi, layout_loops_ring, chequers_serial_rivers_room_b,
          minmay_pentomino_s4
D:2:      layout_loops_ring, grunt_decor_arrowhead, uniq_crazy_yiuf_cottage
D:3:      layout_rooms, first_ration, palyth_stone_intersect, feat_on_display,
          uniq_grinder

Skill      XL: |  1  2  3  4 |
---------------+-------------+-----
Long Blades    | 3 4 |  4.2
Armour         | 1 2 |  2.3
Dodging        | 3 |  3.8
Fighting       | 3 |  3.5
Throwing       | |  1.7

Action                   |  1- 3 |  4- 6 || total
-------------------------+-------+-------++-------
Melee: Long sword        |   107 |    40 ||   147
Throw: Throwing net      |       |     3 ||     3
  Use: Potion            |       |     3 ||     3
 Stab: Held in net/web   |       |     1 ||     1
  Eat: Chunk             |     1 |     2 ||     3
Armor: Leather armour    |    39 |       ||    39
       Ring mail         |    20 |       ||    20
       Scale mail        |     2 |    16 ||    18
Dodge: Dodged            |    72 |    16 ||    88
       Rpst.: Long sword |    26 |     7 ||    33

Table legend:
 A = Non-vault XP
 B = Vault XP
 C = Vault XP percentage of total XP
 D = Non-vault monster count
 E = Vault monster count
 F = Vault count percentage of total count
                 A         B        C        D         E       F
            +---------+---------+-------+---------+---------+-------
      Total |     106 |     316 |  74.9 |      42 |       5 |  10.6
            +---------+---------+-------+---------+---------+-------
        D:1 |      31 |       5 |  13.9 |      18 |       3 |  14.3
        D:2 |      50 |      44 |  46.8 |      19 |       1 |   5.0
        D:3 |      25 |     267 |  91.4 |       5 |       1 |  16.7
            +---------+---------+-------+---------+---------+-------
